TOP OF THE 1ST |
Toronto Blue Jays batting - Pitching for Cleveland Spiders : RHP Jose DeLeon
|
Pitching: RHP Jose DeLeon
|
|
Batting: LHB Milt Thompson
|
0-0: Ball 1-0: Ball 2-0: Ball 3-0: Base on Balls
|
Batting: RHB Jose Gonzalez
|
0-0: Ball 1-0: Foul Ball, location: 2F 1-1: Ball 2-1: Foul Ball, location: 2F 2-2: Fly out, F9 (Flyball, 9LD, EV 106.9 MPH)
|
Batting: LHB Sheldon Mallory
|
0-0: Called Strike 0-1: Grounds into double play, 4-6-3 (Groundball, 4, EV 93.1 MPH)
|
Top of the 1st over - 0 runs, 0 hits, 0 errors, 0 left on base; Toronto 0 - Cleveland 0 |
BOTTOM OF THE 1ST |
Cleveland Spiders batting - Pitching for Toronto Blue Jays : LHP Thomas Boyd
|
Pitching: LHP Thomas Boyd
|
|
Batting: SHB Bump Wills
|
0-0: Foul Ball, location: 2F 0-1: Fly out, F8 (Line Drive, 8RD, EV 99.4 MPH)
|
Batting: RHB Kevin Bell
|
0-0: Ball 1-0: Called Strike 1-1: Foul Ball, location: 2F 1-2: Strikes out swinging
|
Batting: RHB Clayton Elliott
|
0-0: Ball 1-0: Ball 2-0: Called Strike 2-1: Foul Ball, location: 2F 2-2: Foul Ball, location: 2F 2-2: Foul Ball, location: 2F 2-2: Ball 3-2: Fly out, F4 (Flyball, 3D, EV 96.9 MPH)
|
Bottom of the 1st over - 0 runs, 0 hits, 0 errors, 0 left on base; Toronto 0 - Cleveland 0 |
TOP OF THE 2ND |
Toronto Blue Jays batting - Pitching for Cleveland Spiders : RHP Jose DeLeon
|
Batting: RHB Juan Monasterio
|
0-0: Ground out 4-3 (Groundball, 4, EV 85.6 MPH)
|
Batting: RHB Andres Galarraga
|
0-0: Ball 1-0: Called Strike 1-1: Foul Ball, location: 2F 1-2: Ball 2-2: Strikes out looking
|
Batting: RHB Hubie Brooks
|
0-0: Ball 1-0: Called Strike 1-1: Foul Ball, location: 2F 1-2: Foul Ball, location: 2F 1-2: Strikes out swinging
|
Top of the 2nd over - 0 runs, 0 hits, 0 errors, 0 left on base; Toronto 0 - Cleveland 0 |
BOTTOM OF THE 2ND |
Cleveland Spiders batting - Pitching for Toronto Blue Jays : LHP Thomas Boyd
|
Batting: RHB Alan Trammell
|
0-0: Ground out 5-3 (Groundball, 56, EV 110.6 MPH)
|
Batting: SHB Salvador Perez
|
0-0: Ball 1-0: Fly out, F4 (Flyball, 4MD, EV 91.9 MPH)
|
Batting: RHB Randy Elliott
|
0-0: Called Strike 0-1: Foul Ball, location: 2F 0-2: Ball 1-2: Foul Ball, location: 2F 1-2: Ball 2-2: Fly out, F9 (Flyball, 9, EV 75.6 MPH)
|
Bottom of the 2nd over - 0 runs, 0 hits, 0 errors, 0 left on base; Toronto 0 - Cleveland 0 |
TOP OF THE 3RD |
Toronto Blue Jays batting - Pitching for Cleveland Spiders : RHP Jose DeLeon
|
Batting: RHB Cal Ripken
|
0-0: Called Strike 0-1: Ball 1-1: Ball 2-1: Ball 3-1: Foul Ball, location: 2F 3-2: Base on Balls
|
Batting: RHB Fritzie Connally
|
0-0: Called Strike 0-1: Ball 1-1: Swinging Strike 1-2: Strikes out swinging
|
Batting: RHB Jose Carrillo
|
0-0: Called Strike 0-1: Ball 1-1: Fly out, F6 (Flyball, 56D, EV 85.0 MPH)
|
Batting: LHB Milt Thompson
|
0-0: Called Strike 0-1: Called Strike 0-2: Ball 1-2: Strikes out swinging
|
Top of the 3rd over - 0 runs, 0 hits, 0 errors, 1 left on base; Toronto 0 - Cleveland 0 |
BOTTOM OF THE 3RD |
Cleveland Spiders batting - Pitching for Toronto Blue Jays : LHP Thomas Boyd
|
Batting: RHB Jesse Barfield
|
0-0: Foul Ball, location: 2F 0-1: Ball 1-1: Ball 2-1: Foul Ball, location: 2F 2-2: SINGLE (Line Drive, 6MD, EV 95.0 MPH)
|
Batting: RHB Tom Dodd
|
0-0: Ball 1-0: Ball 2-0: Called Strike 2-1: Called Strike 2-2: Ball 3-2: SINGLE (Flyball, 8LS, EV 93.8 MPH) Jesse Barfield to second Runner from 2nd tries for 3rd, SAFE, throw by CF made to third
|
Batting: RHB Jordan Ventura
|
0-0: Foul Ball, location: 2F 0-1: Called Strike 0-2: Strikes out looking
|
Batting: SHB Bump Wills
|
0-0: SINGLE (Line Drive, 56D, EV 98.1 MPH) Jesse Barfield scores Tom Dodd to second
|
Batting: RHB Kevin Bell
|
0-0: Swinging Strike 0-1: Foul Ball, location: 2F 0-2: Foul Ball, location: 2F 0-2: Foul Ball, location: 2F 0-2: Foul Ball, location: 2F 0-2: Strikes out swinging
|
Batting: RHB Clayton Elliott
|
0-0: Called Strike 0-1: Swinging Strike 0-2: Ball 1-2: Foul Ball, location: 2F 1-2: Ball 2-2: Ball 3-2: Fly out, F9 (Flyball, 9D, EV 91.9 MPH)
|
Bottom of the 3rd over - 1 run, 3 hits, 0 errors, 2 left on base; Toronto 0 - Cleveland 1 |
TOP OF THE 4TH |
Toronto Blue Jays batting - Pitching for Cleveland Spiders : RHP Jose DeLeon
|
Batting: RHB Jose Gonzalez
|
0-0: Ball 1-0: Called Strike 1-1: Swinging Strike 1-2: Ball 2-2: Foul Ball, location: 2F 2-2: Foul Ball, location: 2F 2-2: Ground out 3-1 (Groundball, 34S, EV 81.9 MPH)
|
Batting: LHB Sheldon Mallory
|
0-0: Ball 1-0: Ball 2-0: Fly out, F8 (Flyball, 8RD, EV 98.8 MPH)
|
Batting: RHB Juan Monasterio
|
0-0: Foul Ball, location: 2F 0-1: Foul Ball, location: 2F 0-2: SINGLE (Groundball, 6S, EV 68.1 MPH) (infield hit)
|
Batting: RHB Andres Galarraga
|
0-0: Called Strike 0-1: Foul Ball, location: 2F 0-2: Strikes out swinging
|
Top of the 4th over - 0 runs, 1 hit, 0 errors, 1 left on base; Toronto 0 - Cleveland 1 |
BOTTOM OF THE 4TH |
Cleveland Spiders batting - Pitching for Toronto Blue Jays : LHP Thomas Boyd
|
Batting: RHB Alan Trammell
|
0-0: Ground out 4-3 (Groundball, 4, EV 80.0 MPH)
|
Batting: SHB Salvador Perez
|
0-0: Called Strike 0-1: Called Strike 0-2: Ball 1-2: Ground out 5-3 (Groundball, 56, EV 81.9 MPH)
|
Batting: RHB Randy Elliott
|
0-0: Ball 1-0: Ball 2-0: Swinging Strike 2-1: DOUBLE (Line Drive, 3D, EV 96.9 MPH)
|
Batting: RHB Jesse Barfield
|
0-0: Fly out, F8 (Flyball, 8RS, EV 81.9 MPH)
|
Bottom of the 4th over - 0 runs, 1 hit, 0 errors, 1 left on base; Toronto 0 - Cleveland 1 |
TOP OF THE 5TH |
Toronto Blue Jays batting - Pitching for Cleveland Spiders : RHP Jose DeLeon
|
Batting: RHB Hubie Brooks
|
0-0: Ground out 3-1 (Groundball, 34S, EV 83.1 MPH)
|
Batting: RHB Cal Ripken
|
0-0: Called Strike 0-1: Foul Ball, location: 2F 0-2: Ground out 4-3 (Groundball, 34, EV 96.9 MPH)
|
Batting: RHB Fritzie Connally
|
0-0: Swinging Strike 0-1: Ball 1-1: Foul Ball, location: 2F 1-2: Ball 2-2: Ball 3-2: Fly out, F6 (Flyball, 6MD, EV 76.3 MPH)
|
Top of the 5th over - 0 runs, 0 hits, 0 errors, 0 left on base; Toronto 0 - Cleveland 1 |
BOTTOM OF THE 5TH |
Cleveland Spiders batting - Pitching for Toronto Blue Jays : LHP Thomas Boyd
|
Batting: RHB Tom Dodd
|
0-0: Ball 1-0: Called Strike 1-1: Ground out U3 (Groundball, 3D, EV 80.6 MPH)
|
Batting: RHB Jordan Ventura
|
0-0: Called Strike 0-1: SOLO HOME RUN (Flyball, 7LD, EV 95.6 MPH), Distance : 362 ft
|
Batting: SHB Bump Wills
|
0-0: Ball 1-0: Reached on error, E5 (Groundball, 5L, EV 85.6 MPH)
|
Batting: RHB Kevin Bell
|
0-0: Ball 1-0: Foul Ball, location: 2F 1-1: Foul Ball, location: 2F 1-2: DOUBLE (Line Drive, 9LM, EV 107.5 MPH) Bump Wills scores
|
Batting: RHB Clayton Elliott
|
0-0: Foul Ball, location: 2F 0-1: Foul Ball, location: 2F 0-2: Ball 1-2: Fly out, F2 (Popup, 23F, EV 91.3 MPH)
|
Batting: RHB Alan Trammell
|
0-0: Foul Ball, location: 2F 0-1: Ground out 1-3 (Groundball, P, EV 69.4 MPH)
|
Bottom of the 5th over - 2 runs, 2 hits, 1 error, 1 left on base; Toronto 0 - Cleveland 3 |
TOP OF THE 6TH |
Toronto Blue Jays batting - Pitching for Cleveland Spiders : RHP Jose DeLeon
|
Batting: RHB Jose Carrillo
|
0-0: Foul Ball, location: 2F 0-1: Ball 1-1: Fly out, F6 (Flyball, 6D, EV 81.9 MPH)
|
Batting: LHB Milt Thompson
|
0-0: Called Strike 0-1: Called Strike 0-2: Ball 1-2: Strikes out looking
|
Batting: RHB Jose Gonzalez
|
0-0: SINGLE (Flyball, 3D, EV 86.9 MPH)
|
Batting: LHB Sheldon Mallory
|
0-0: Ball 1-0: Called Strike 1-1: Ball Wild Pitch! Jose Gonzalez to second 2-1: DOUBLE (Line Drive, 78M, EV 98.1 MPH) Jose Gonzalez scores
|
Batting: RHB Juan Monasterio
|
0-0: Ball 1-0: Swinging Strike 1-1: Called Strike 1-2: Strikes out swinging
|
Top of the 6th over - 1 run, 2 hits, 0 errors, 1 left on base; Toronto 1 - Cleveland 3 |
BOTTOM OF THE 6TH |
Cleveland Spiders batting - Pitching for Toronto Blue Jays : LHP Thomas Boyd
|
Batting: SHB Salvador Perez
|
0-0: Ball 1-0: Ball 2-0: Swinging Strike 2-1: SOLO HOME RUN (Flyball, 7LD, EV 96.3 MPH), Distance : 396 ft
|
Batting: RHB Randy Elliott
|
0-0: Called Strike 0-1: Fly out, F9 (Flyball, 9LM, EV 88.8 MPH)
|
Batting: RHB Jesse Barfield
|
0-0: Foul Ball, location: 2F 0-1: Ball 1-1: Swinging Strike 1-2: Fly out, F4 (Popup, 4S, EV 67.5 MPH)
|
Batting: RHB Tom Dodd
|
0-0: Foul Ball, location: 2F 0-1: Foul Ball, location: 2F 0-2: Ground out U3 (Groundball, 3, EV 86.9 MPH)
|
Bottom of the 6th over - 1 run, 1 hit, 0 errors, 0 left on base; Toronto 1 - Cleveland 4 |
TOP OF THE 7TH |
Toronto Blue Jays batting - Pitching for Cleveland Spiders : RHP Jose DeLeon
|
Batting: RHB Andres Galarraga
|
0-0: Ball 1-0: Foul Ball, location: 2F 1-1: Ball 2-1: Foul Ball, location: 2F 2-2: Ground out 4-3 (Groundball, 34, EV 86.9 MPH)
|
Batting: RHB Hubie Brooks
|
0-0: Foul Ball, location: 2F 0-1: Fly out, F9 (Flyball, 9LS, EV 96.3 MPH)
|
Batting: RHB Cal Ripken
|
0-0: Ball 1-0: Ground out 5-3 (Groundball, 56S, EV 69.4 MPH)
|
Top of the 7th over - 0 runs, 0 hits, 0 errors, 0 left on base; Toronto 1 - Cleveland 4 |
BOTTOM OF THE 7TH |
Cleveland Spiders batting - Pitching for Toronto Blue Jays : LHP Thomas Boyd
|
Batting: RHB Jordan Ventura
|
0-0: SINGLE (Groundball, 6MD, EV 100.0 MPH)
|
Batting: SHB Bump Wills
|
0-0: Bunted foul 0-1: Ball 1-1: Ball 2-1: Bunted foul 2-2: Fly out, F8 (Flyball, 89D, EV 82.5 MPH)
|
Batting: RHB Kevin Bell
|
0-0: Ball 1-0: Ball 2-0: Foul Ball, location: 2F 2-1: Foul Ball, location: 2F 2-2: SINGLE (Groundball, 56D, EV 100.0 MPH) Jordan Ventura to second
|
Batting: RHB Clayton Elliott
|
0-0: Foul Ball, location: 2F 0-1: Foul Ball, location: 2F 0-2: Strikes out swinging
|
Batting: RHB Alan Trammell
|
0-0: Called Strike 0-1: Foul Ball, location: 2F 0-2: Ball 1-2: Fly out, F9 (Flyball, 9, EV 88.1 MPH)
|
Bottom of the 7th over - 0 runs, 2 hits, 0 errors, 2 left on base; Toronto 1 - Cleveland 4 |
TOP OF THE 8TH |
Toronto Blue Jays batting - Pitching for Cleveland Spiders : RHP Jose DeLeon
|
Batting: RHB Fritzie Connally
|
0-0: Ball 1-0: Ball 2-0: Ball 3-0: Called Strike 3-1: Called Strike 3-2: Base on Balls
|
Batting: RHB Jose Carrillo
|
0-0: Called Strike 0-1: Ball 1-1: Foul Ball, location: 2F 1-2: Strikes out swinging
|
Batting: LHB Milt Thompson
|
0-0: Swinging Strike 0-1: Fielders Choice at 2nd, 6-4 (Groundball, 6M, EV 102.5 MPH)
|
Batting: RHB Jose Gonzalez
|
0-0: Ball 1-0: Called Strike 1-1: Foul Ball, location: 2F 1-2: Ball 2-2: Fly out, F8 (Flyball, 8LM, EV 98.1 MPH)
|
Top of the 8th over - 0 runs, 0 hits, 0 errors, 1 left on base; Toronto 1 - Cleveland 4 |
BOTTOM OF THE 8TH |
Cleveland Spiders batting - Pitching for Toronto Blue Jays : LHP Thomas Boyd
|
Batting: SHB Salvador Perez
|
0-0: Ball 1-0: Ball 2-0: Ball 3-0: Base on Balls
|
Batting: RHB Randy Elliott
|
0-0: Ball Salvador Perez steals 2nd base 1-0: Foul Ball, location: 2F 1-1: Foul Ball, location: 2F 1-2: Fly out, F9 (Flyball, 9LM, EV 89.4 MPH)
|
Batting: RHB Jesse Barfield
|
0-0: Ball 1-0: Swinging Strike 1-1: Ball Wild Pitch! Salvador Perez to third 2-1: Called Strike Steal of home, Salvador Perez is out 2-2: Ground out 1-3 (Groundball, 34S, EV 66.3 MPH)
|
Bottom of the 8th over - 0 runs, 0 hits, 0 errors, 0 left on base; Toronto 1 - Cleveland 4 |
TOP OF THE 9TH |
Toronto Blue Jays batting - Pitching for Cleveland Spiders : RHP Jose DeLeon
|
Batting: LHB Sheldon Mallory
|
0-0: Fly out, F4 (Popup, 4D, EV 51.9 MPH)
|
Batting: RHB Juan Monasterio
|
0-0: Ball 1-0: Fly out, F3 (Line Drive, 3, EV 62.5 MPH)
|
Batting: RHB Andres Galarraga
|
0-0: Ball 1-0: Ball 2-0: Foul Ball, location: 2F 2-1: Swinging Strike 2-2: Ground out 5-3 (Groundball, 56, EV 97.5 MPH)
|
Top of the 9th over - 0 runs, 0 hits, 0 errors, 0 left on base; Toronto 1 - Cleveland 4 |
|